 Dungeon Crawl Stone Soup version 0.25.1-1-g288607f (webtiles) character file.

Game seed: 17687490753029708850

14 Gadfly the Chopper (level 2, 7/24 HPs)
             Began as a Demonspawn Monk on July 27, 2020.
             Quit the game on level 1 of the Dungeon.
             The game lasted 00:00:54 (632 turns).

Gadfly the Chopper (Demonspawn Monk)                 Turns: 632, Time: 00:00:54

Health: 7/24       AC:  3    Str: 11    XL:     2   Next: 31%
Magic:  2/2        EV: 17    Int: 11    God:
Gold:   105        SH:  0    Dex: 15    Spells: 1/1 levels left

rFire    . . .     SeeInvis .   a - +0 hand axe
rCold    . . .     Gourm    .   (no shield)
rNeg     . . .     Faith    .   b - +1 robe
rPois    .         Spirit   .   (helmet restricted)
rElec    .         Reflect  .   (no cloak)
rCorr    .         Harm     .   (no gloves)
MR       .....                  (no boots)
Stlth    ++........             (no amulet)
HPRegen  0.08/turn              j - +4 ring of evasion
MPRegen  0.08/turn              (no ring)

@: no status effects
A: antennae 1
a: no special abilities


You were on level 1 of the Dungeon.
You were not hungry.

You visited 1 branch of the dungeon, and saw 2 of its levels.

You collected 105 gold pieces.

Inventory:

Hand Weapons
 a - a +0 hand axe (weapon)
Armour
 b - a +1 robe (worn)
Jewellery
 h - an uncursed ring of ice
 j - a +4 ring of evasion (left hand)
Scrolls
 f - a scroll of enchant armour
 g - a scroll of identify
 i - a scroll of teleportation {unknown}
Potions
 d - 2 potions of curing
Comestibles
 c - 3 rations


   Skills:
 - Level 3.0 Fighting
 * Level 3.1 Axes
 * Level 1.1 Armour
 - Level 2.6 Dodging
 - Level 1.7 Stealth


You had one spell level left.
You didn't know any spells.
Your spell library was empty.

Dungeon Overview and Level Annotations

Branches:
Dungeon (2/15)

Altars:


Innate Abilities, Weirdness & Mutations

You have a pair of small antennae on your head.


Message History

You are too injured to fight recklessly!
You are too injured to fight recklessly!
You hit the adder.
You kill the adder!
Your Axes skill increases to level 3!
Your Armour skill increases to level 1!
You have reached level 2!
You feel monstrous as your demonic heritage exerts itself.
Your demonic ancestry asserts itself...
A pair of antennae grows on your head!
You feel sick.
You start resting.
You feel sick. x6
You are no longer poisoned.
Quiver which item? (- for none, * to show all) (? for menu, Esc to quit)
You don't have any such object.
Quiver which item? (- for none, * to show all) (? for menu, Esc to quit)
You don't have any such object.
Quiver which item? (- for none, * to show all) (? for menu, Esc to quit)
Okay, then.
Are you sure you want to abandon this character and quit the game? (Confirm with "yes".)

#.###..........### ##.#######
#(.##....####..#######'#######
##.##.#..# #..##...........##
#....#..####..##...........##
#..###..##....##...........##
#..# #......#.##...........##
####..# ##.......##...........##
#.....# #.......##.....<.....##
#.....####.....@.##...........##
#.....##.........##...........##
#........##......##...........##
#.....#..###.....##...........##
#........#######.##...........##
#............###.#######+#######
#.....#..........#######.#######
#.....#.##..####................
#.......##..####.......#........


There were no monsters in sight!

Vanquished Creatures
  An adder (D:1)
  A giant cockroach (D:1)
  A goblin (D:1)
  A kobold (D:1)
  A bat (D:1)
  A rat (D:1)
6 creatures vanquished.

Notes
Turn   | Place    | Note
-------+----------+-------------------------------------------
     0 | D:1      | Gadfly the Demonspawn Monk began the quest for the Orb.
     0 | D:1      | Reached XP level 1. HP: 18/18 MP: 1/1
   595 | D:2      | Noticed an orc priest
   611 | D:1      | Reached skill level 1 in Armour
   611 | D:1      | Gained mutation: You have a pair of small antennae on your
                  | head. [demonic ancestry]
   611 | D:1      | Reached XP level 2. HP: 13/24 MP: 2/2
   632 | D:1      | Quit the game

Illustrated notes

Levels and vault maps discovered:
D:1:      psy_arrival_statuary, layout_rooms
D:2:      layout_rooms, old_standard_altar, kennysheep_generic_room_8,
          uniq_jessica

Skill      XL: |  1 |
---------------+----+-----
Axes           | 3 |  3.1
Armour         | 1 |  1.1
Fighting       | |  3.0
Dodging        | |  2.6
Stealth        | |  1.7

Action                   || total
-------------------------++-------
Melee: Hand axe          ||    34
  Use: Scroll            ||     3
 Stab: Sleeping          ||     1
Armor: Robe              ||     7
Dodge: Dodged            ||    32
